 Dungeon Crawl Stone Soup version 0.30-b1-2-g02819fbbbe (webtiles) character file.

Game seed: 13269774765305811693

24 ventricule the Sneak (level 2, -7/27 HPs)
             Began as a Minotaur Delver on May 6, 2023.
             Mangled by Edmund
             ... wielding a +6 heavy flail
              (16 damage)
             ... on level 5 of the Dungeon.
             The game lasted 00:00:26 (210 turns).

ventricule the Sneak (Minotaur Delver)               Turns: 210, Time: 00:00:26

Health: -7/27      AC:  3    Str: 16    XL:     2   Next: 79%
Magic:  1/1        EV: 12    Int:  7    God:
Gold:   10         SH:  0    Dex: 11    Spells: 1/1 levels left

rFire   . . .        a - +0 hand axe
rCold   . . .        (no shield)
rNeg    . . .        b - +0 leather armour
rPois   .            (helmet restricted)
rElec   .            (no cloak)
rCorr   .            (no gloves)
SInv    .            (no boots)
Will    .....        (no amulet)
Stlth   ++           (no ring)
HPRegen 0.24/turn    (no ring)
MPRegen 0.07/turn

%: no passive effects
@: hasted, very quick
A: horns 2, retaliatory headbutt
a: no special abilities


You were on level 5 of the Dungeon.
You visited 1 branch of the dungeon, and saw 1 of its levels.

You collected 10 gold pieces.

Inventory:

Hand Weapons
 a - a +0 hand axe (weapon)
Armour
 b - a +0 leather armour (worn)
Wands
 g - a wand of digging (3)
Scrolls
 c - a scroll of fog
 d - a scroll of magic mapping
 h - a scroll of teleportation {unknown}


   Skills:
 - Level 4.0 Fighting
 + Level 2.9 Axes
 - Level 2.6 Dodging
 - Level 4.3 Stealth


You had one spell level left.
You didn't know any spells.
Your spell library was empty.

Dungeon Overview and Level Annotations

Branches:
Dungeon (5/15)
 Temple: D:4-7

Altars:

Annotations:
D:5 Edmund


Innate Abilities, Weirdness & Mutations

You have a pair of horns on your head.
You reflexively headbutt those who attack you in melee.


Message History

The adder is moderately wounded.
You feel sick. The adder barely misses you. You furiously retaliate!
You headbutt the adder. The centaur hits you.
The centaur kicks you but does no damage.
You closely miss the adder.
The adder is heavily wounded.
You hit the centaur.
You feel sick.
You are no longer poisoned.
The adder bites you. The centaur barely misses you. You furiously retaliate!
You headbutt the centaur. The centaur kicks you. The adder barely misses you.
You miss the adder.
The adder is heavily wounded.
You barely miss the centaur. The centaur hits you.
The centaur kicks you but does no damage.
The adder barely misses you. The centaur hits you.
* * * LOW HITPOINT WARNING * * *
The centaur completely misses you. The adder barely misses you.
As you read the scroll of fear, it crumbles to dust.
You assume a fearsome visage.
The ufetubus looks frightened!
The centaur looks frightened!
The orc looks frightened! x2
The adder looks frightened!
An orc comes into view. It is wielding a +0 club.
You see here an iguana corpse.
Found a stone staircase leading down.
There is a stone staircase leading down here.
You start resting.
HP restored.
An orc is nearby!
Edmund the Younger comes into view.
He is wielding a +6 heavy flail.
The orc shouts!
You hear a shout! x2
Edmund shouts!
Edmund says, "A flail is better than a scythe, any day of the week!"
You feel yourself speed up.
You hit Edmund but do no damage. Edmund hits you with a +6 heavy flail!!
Ouch! That really hurt!
You hit Edmund. Your headbutt misses Edmund.
Edmund is lightly wounded.
Edmund hits you with a +6 heavy flail!
Ouch! That really hurt!
You die...

#.# .... . #.# ... .###
#.# ..###.... #.#
##..#.... #.# ##.......
#.# #.@...# #.# #.....#
#.#############.....#...
#.........@@oo.#.........
#################..#.....
#.## .... ### ###


You could see Edmund and 2 orcs.

Vanquished Creatures
  An iguana (D:5)
1 creature vanquished.

Notes
Turn   | Place    | Note
-------+----------+-------------------------------------------
     0 | D:5      | ventricule the Minotaur Delver began the quest for the Orb.
     0 | D:5      | Reached XP level 1. HP: 19/19 MP: 0/0
    53 | D:5      | Noticed an iguana
    58 | D:5      | Killed an iguana
    59 | D:5      | Reached XP level 2. HP: 27/27 MP: 1/1
    73 | D:5      | Noticed a centaur
   198 | D:5      | Noticed Edmund
   210 | D:5      | Mangled by Edmund

Illustrated notes

Levels and vault maps discovered:
D:5:      nicolae_cairo_tiling_large_dashed, layout_loops_ring,
          cheibrodos_ashenzari_chains, minmay_temple_entry_statues,
          corexii_shack, uniq_menkaure, uniq_edmund, uniq_grinder

Skill      XL: |  1 |
---------------+----+-----
Fighting       | 4 |  4.0
Axes           | |  2.9
Dodging        | |  2.6
Stealth        | |  4.3

Action                     || total
---------------------------++-------
  Melee: Hand axe          ||     9
         Headbutt          ||     1
    Use: Scroll            ||     1
         Potion            ||     1
   Stab: Sleeping          ||     1
 Armour: Leather armour    ||     3
  Dodge: Dodged            ||     9
